AoeStats
← Brujo

Golden Pit

509331605Analyzed
1v1 RM · 7d ago on Sep 26, 2026· 28m 3s· 2 players
Game mode
Random Map
Map size
Tiny (2 player)
Population
200
Speed
Normal
Resources
Standard
Victory
Conquest
Starting age
Dark Age
Ending age
Imperial Age
RankedLock teamsTeams togetherTeam positionsShared explorationLock speedFull tech treeHidden civsTurbo modeCheats
Victory
Defeat
🇹🇼 Chinese · Taiwan
1440
+18
🇦🇷 Franks · Argentina
1476
-18
10232imchampion
0:32 Loom
8:50 Feudal Age
9:34 Double-Bit Axe
10:30 Horse Collar
19:58 Castle Age
18:09 Gold Mining
19:13 Bloodlines
19:37 Fletching
20:50 Bodkin Arrow
21:07 Husbandry
23:04 Bow Saw
23:14 Padded Archer Armor
24:36 Ballistics
26:10 Leather Archer Armor
29:16 Wheelbarrow
Brujo
7:14 Loom
9:28 Feudal Age
11:53 Town Watch
12:28 Double-Bit Axe
15:50 Forging
21:35 Castle Age
20:08 Scale Barding Armor
21:54 Fletching
23:51 Husbandry
26:34 Padded Archer Armor
27:38 Crossbowman
27:41 Elite Skirmisher
Connection lost

Rejoining the realm…

Still unreachable

The connection could not be restored.

Session expired

The server has moved on; the page needs a fresh start.